 Dungeon Crawl Stone Soup version 0.19-a0-1608-g4cf22de (webtiles) character file.

176628 4thArraOfDagon the Brawler (level 17, -14/158 HPs)
             Began as a Troll Monk on Sept 17, 2016.
             Was a High Priest of Qazlal.
             Killed from afar by a shock serpent (16 damage)
             ... with an electric aura
             ... on level 3 of the Snake Pit.
             The game lasted 01:22:59 (14096 turns).

4thArraOfDagon the Brawler (Troll Monk)            Turns: 14096, Time: 01:23:00

Health: -14/158    AC: 12    Str: 27    XL:     17   Next: 51%
Magic:  23/28      EV: 19    Int: 10    God:    Qazlal [*****.]
Gold:   385        SH:  7    Dex: 17    Spells: 7 memorised, 2 levels left

rFire  + . .     SeeInvis +       - Unarmed
rCold  + + +     Gourm    +     v - +0 troll leather armour
rNeg   . . .     Faith    .     (shield currently unavailable)
rPois  +         Spirit   .     x - +2 hat
rElec  +         Dismiss  .     u - +2 cloak of Dramatic Exits {Dex+4}
rCorr  +         Reflect  .     (gloves unavailable)
MR     +....     Harm     +     (boots unavailable)
Stlth  +.........               t - amulet of Zuosch {Harm *Drain rPois}
                                C - +4 ring of evasion
                                V - ring of Ylufa {rC++ Str+4 Slay+5 SInv}

@: blade hands, resistant, protected from electricity, studying Necromancy,
repel missiles
A: unfitting armour, claws 3, deterioration 1, fast metabolism 3, gourmand,
mutation resistance 1, regeneration 1, shaggy fur 1, tough skin 2
a: End Transformation, Upheaval, Elemental Force, Disaster Area, Renounce
Religion


You were on level 3 of the Snake Pit.
You worshipped Qazlal.
Qazlal was extremely pleased with you.
You were not hungry.
You had blades for hands.
You visited 6 branches of the dungeon, and saw 30 of its levels.
You also visited: Bailey and Wizlab.

You collected 3400 gold pieces.
You spent 3015 gold pieces at shops.

Inventory:

Hand Weapons
 o - the +6 flail "Hydis" {crush, rC+ MR+ Int+3}
   (You found it on level 4 of the Dungeon)

   It inflicts extra damage upon your enemies.
   It affects your intelligence (+3).
   It protects you from cold.
   It affects your resistance to hostile enchantments.
Missiles
 D - 6 throwing nets (quivered)
Armour
 h - the +2 robe of Disaster {+Fly Str+3}
   (You found it in a bailey)

   It affects your strength (+3).
   It lets you fly.
 m - a +0 shield of reflection
 r - a +2 robe of positive energy
 u - the +2 cloak of Dramatic Exits (worn) {Dex+4}
   (You acquired it on level 1 of the Snake Pit)

   It affects your dexterity (+4).
 v - a +0 troll leather armour (worn)
 x - a +2 hat (worn)
 X - a +2 robe of resistance
Magical Staves
 F - an uncursed staff of earth
Jewellery
 c - an uncursed ring of positive energy
 i - an uncursed ring of wizardry
 t - the amulet of Zuosch (around neck) {Harm *Drain rPois}
   (You bought it in a shop on level 6 of the Dungeon)

   [amulet of harm]

   It increases damage dealt and taken.
   It protects you from poison.
   It causes draining when unequipped.
 z - a +5 ring of intelligence
 C - a +4 ring of evasion (right scythe-like blade)
 N - an uncursed amulet of rage {unknown}
 V - the ring of Ylufa (left scythe-like blade) {rC++ Str+4 Slay+5 SInv}
   (You acquired it on level 14 of the Dungeon)

   [ring of strength]

   It affects your strength (+4).
   It affects your accuracy and damage with ranged weapons and melee attacks
   (+5).
   It greatly protects you from cold.
   It lets you see invisible.
 Y - the ring "Idebaurr" {rN+ MR+}
   (You found it on level 13 of the Dungeon)

   [ring of protection from magic]

   It protects you from negative energy.
   It affects your resistance to hostile enchantments.
 Z - a +4 amulet of reflection
Wands
 p - a wand of digging (7/24)
 y - a wand of digging (3/24)
 G - a wand of heal wounds (5/9)
 H - a wand of paralysis (11/24)
 M - a wand of disintegration (13/24)
 R - a wand of polymorph (6/24)
 S - a wand of digging (13/24)
Scrolls
 f - 4 scrolls of recharging
 g - a scroll of summoning
 l - 4 scrolls of enchant armour
 q - 4 scrolls of teleportation
 E - 4 scrolls of magic mapping
 T - 10 scrolls of remove curse
Potions
 a - 4 potions of curing
 e - 4 potions of berserk rage
 j - 4 potions of cancellation
 n - 7 potions of might
 w - 4 potions of haste
 A - a potion of ambrosia
 B - 4 potions of magic
 I - 2 potions of resistance
 K - a potion of cure mutation
 L - 3 potions of agility
 Q - 3 potions of brilliance
Books
 U - a manual of Necromancy
Miscellaneous
 d - a box of beasts
 s - a phial of floods
 O - a lamp of fire
 P - a fan of gales
Comestibles
 b - 7 bread rations
 k - 7 meat rations
 J - 7 slices of pizza


   Skills:
 - Level 8.2 Fighting
 - Level 8.0 Dodging
 - Level 1.1 Stealth
 - Level 2.1 Shields
 - Level 15.0 Unarmed Combat
 + Level 8.7 Spellcasting
 * Level 12.2 Transmutations
 - Level 14.1 Invocations


You had 2 spell levels left.
You knew the following spells:

 Your Spells              Type           Power        Failure   Level  Hunger
a - Controlled Blink      Tloc           N/A          100%        8    #######
b - Blade Hands           Tmut           ####......   28%         5    ######.
c - Repel Missiles        Chrm/Air       #.....       71%         2    #......
d - Swiftness             Chrm/Air       #.......     71%         2    #......
e - Regeneration          Chrm/Necr      #.........   91%         3    ###....
f - Passage of Golubria   Tloc           N/A          100%        4    ####...
g - Dragon Form           Tmut           ####......   99%         7    #######


Dungeon Overview and Level Annotations

Branches:
Dungeon (15/15)            Temple (1/1) D:7            Lair (6/6) D:9
  Snake (3/4) Lair:3          Orc (2/2) D:10            Elf (3/3) Orc:2
 Vaults (0/5) D:14
  Swamp: Lair:2-4    Shoals: Lair:2-4     Slime: Lair:5-6    Depths: D:15

Altars:
Ashenzari
Cheibriados
Dithmenos
Fedhas
Gozag
Hepliaklqana
Nemelex Xobeh
Okawaru
Qazlal
Ru
Sif Muna
Trog
Uskayaw
Vehumet
Xom
Yredelemnul
Zin
The Shining One

Shops:
D:6 =   D:9 *   D:12 *   D:14 *(?%(   Orc:1 ?   Orc:2 =[[:[   Elf:3 =
Snake:3 (

Annotations:
Lair:4 exclusion: upstairs
Orc:2 Saint Roka
Elf:2 2 runed doors


Innate Abilities, Weirdness & Mutations

You are too large for most types of armour.
You have claws for hands.
Your metabolism is lightning-fast.
You like to eat raw meat.
Your natural rate of healing is unusually fast.
You are covered in fur. (AC +1)
You have very tough skin. (AC +2)
Your body sometimes deteriorates upon taking damage.
You are somewhat resistant to further mutation.


Message History

Unknown command.
You closely miss the shock serpent.
The shock serpent is moderately wounded.
The shock serpent misses you.
Unknown command.
Unknown command.
You hit the shock serpent.
The shock serpent is heavily wounded.
The shock serpent's electric aura discharges, shocking you!
* * * LOW HITPOINT WARNING * * *
The shock serpent bites you!
* * * LOW HITPOINT WARNING * * *
The shock serpent shocks you. You resist.
* * * LOW HITPOINT WARNING * * *
Unknown command.
Unknown command.
You slash the shock serpent! Your slash misses the shock serpent.
The shock serpent is severely wounded.
The shock serpent's electric aura discharges, shocking you!
You die...

## ## #.# #.# #.###.#
#########@#.#
######.......##S#
###.............(##
#................#
................(##
.................(#
..........N......(#
.........N........#
...........N......###


You could see a shock serpent.

Vanquished Creatures
  2 deep elf blademasters (Elf:3)
  A deep elf master archer (Elf:3)
  An ancient champion (WizLab)
  Donald (Snake:3)
  A frost giant (D:11)
  2 deep elf sorcerers (Elf:3)
  Louise (D:14)
  6 deep elf elementalists (Elf:3)
  A large abomination (Elf:3)
  8 deep elf annihilators
  4 deep elf demonologists (Elf:3)
  6 dire elephants (Lair:6)
  An ettin (D:11)
  2 deep elf death magi (Elf:3)
  Harold (Lair:2)
  5 deep elf high priests (Elf:3)
  Josephine (D:13)
  Fannar (D:12)
  2 vault guards (D:14)
  6 naga warriors
  7 hydras
  2 centaur warriors
  5 anacondas
  13 dancing weapons
  A naga sharpshooter (Snake:2)
  9 deep elf knights
  4 shock serpents
  5 orc high priests
  A salamander mystic (Snake:2)
  2 sea snakes (Snake:1)
  7 skeletal warriors (WizLab)
  A naga ritualist (Snake:3)
  2 unseen horrors (D:11)
  2 wizards (D:14)
  4 hill giants
  9 deep elf archers
  4 orc knights (Orc:2)
  4 mana vipers
  5 salamanders
  26 deep elf magi
  2 cyclopes
  6 orc sorcerers
  5 ugly things
  2 centaur zombies
  21 elephants
  3 guardian serpents
  12 black mambas
  Joseph (D:8)
  A black mamba (shapeshifter) (D:15)
  A torpor snail (Lair:6)
  A siren (Lair:4)
  4 naga magi
  A gargoyle (D:12)
  6 spiny frogs
  8 rime drakes
  A kobold demonologist (D:11)
  7 komodo dragons
  3 meliai (D:14)
  7 trolls
  A wolf spider simulacrum (D:14)
  A polar bear (Lair:3)
  6 dream sheep (Lair:5)
  7 hippogriffs
  6 blink frogs (Lair:5)
  A slime creature (D:11)
  2 air elementals
  4 vampires (WizLab)
  47 yaks
  2 water elementals
  3 hill giant zombies (WizLab)
  3 wraiths (D:13)
  3 wyverns
  2 fire elementals (Elf:3)
  20 humans (D:14)
  A basilisk (D:9)
  A hungry ghost (D:11)
  2 wargs (Orc:1)
  17 nagas
  A porcupine (shapeshifter) (Elf:3)
  5 porcupines
  6 water moccasins
  34 orc warriors
  7 ice beasts
  3 sky beasts
  A necrophage (D:8)
  2 phantoms
  4 wolves (Lair:3)
  2 eyes of draining
  7 ogres
  4 centaurs
  3 big kobolds
  10 crocodiles
  13 bullfrogs
  2 earth elementals (Elf:1)
  A water moccasin zombie (D:9)
  A gnoll sergeant (D:8)
  A wyvern zombie (D:7)
  5 scorpions
  6 troll zombies (WizLab)
  20 killer bees
  13 wights
  A vampire bat (Orc:1)
  9 crimson imps
  2 quasits
  2 centaur skeletons
  2 jellies
  8 hounds
  17 orc priests
  4 iguanas
  34 orc wizards
  A bullfrog skeleton (D:12)
  14 worker ants
  A killer bee zombie (D:10)
  4 ogre zombies (WizLab)
  A hound skeleton (D:10)
  2 hound zombies
  4 gnolls
  7 adders
  42 river rats
  3 shadow imps
  2 leopard geckos
  102 orcs
  8 bats
  2 giant cockroaches
  6 goblins
  2 hobgoblins
  6 jackals
  21 kobolds
  A quokka (D:6)
  3 frilled lizards (D:3)
  A quokka zombie (D:5)
  2 rats
  19 fungi
  8 plants
879 creatures vanquished.

Vanquished Creatures (collateral kills)
  An ancient lich (WizLab)
  Aizul (Elf:3)
  A hill giant (D:11)
  A large abomination (Elf:3)
  The ghost of crawlian the Arsonist, a novice DEFE of Vehumet (D:10)
  2 deep elf magi
  3 ugly things (D:14)
  2 yaks (D:9)
  A porcupine (D:9)
  An electric eel (Elf:3)
  A bullfrog skeleton (D:11)
  A river rat (D:9)
16 creatures vanquished.

Vanquished Creatures (others)
  A hydra (D:11)
  A hippogriff (D:11)
  An orc priest (Orc:2)
  2 worker ants (D:11)
  2 orcs
  22 fungi
  9 plants
38 creatures vanquished.

Grand Total: 933 creatures vanquished

Notes
Turn   | Place    | Note
-------+----------+-------------------------------------------
     0 | D:1      | 4thArraOfDagon the Troll Monk began the quest for the Orb.
     0 | D:1      | Reached XP level 1. HP: 22/22 MP: 0/0
     0 | D:1      | i forgot i was on the mission
    13 | D:1      | stay posiive
    32 | D:2      | Reached XP level 2. HP: 25/29 MP: 1/1
   141 | D:3      | jacquesderrida: dangar
   168 | D:3      | 4thArraOfDagon: on the road
   178 | D:4      | 4thArraOfDagon: sry im driving
   179 | D:4      | Noticed a phantom
   194 | D:3      | jacquesderrida: Nais
   212 | D:3      | jacquesderrida: I am driving too
   248 | D:3      | Reached skill level 4 in Unarmed Combat
   253 | D:3      | Reached XP level 3. HP: 36/36 MP: 2/2
   254 | D:3      | Found a radiant altar of Vehumet.
   256 | D:3      | jacquesderrida: I am driving nails in coffin
   277 | D:4      | jacquesderrida: Putting it 6 feet under
   308 | D:4      | Noticed a phantom
   333 | D:4      | Killed a phantom
   333 | D:4      | Reached skill level 5 in Unarmed Combat
   333 | D:4      | Reached XP level 4. HP: 13/44 MP: 3/3
   354 | D:5      | Entered Level 5 of the Dungeon
   377 | D:5      | Reached skill level 6 in Unarmed Combat
   377 | D:5      | Reached XP level 5. HP: 19/50 MP: 4/4
   503 | D:6      | Reached XP level 6. HP: 35/59 MP: 5/5
   508 | D:6      | Noticed a sky beast
   554 | D:6      | Reached skill level 7 in Unarmed Combat
   559 | D:6      | Killed a sky beast
   565 | D:6      | Gained mutation: Your body sometimes deteriorates upon taking damage. [mutagenic meat]
   568 | D:6      | Gained mutation: You are somewhat resistant to further mutation. [mutagenic meat]
   636 | D:6      | Reached skill level 8 in Unarmed Combat
   636 | D:6      | Reached XP level 7. HP: 54/66 MP: 6/6
   656 | D:7      | Found an opulent altar of Gozag.
   676 | D:7      | Found a flagged portal.
   680 | D:7      | Found a staircase to the Ecumenical Temple.
   700 | Temple   | Entered the Ecumenical Temple
   739 | Temple   | Became a worshipper of Qazlal Stormbringer
   739 | Temple   | Reached * piety under Qazlal
   739 | Temple   | Reached ** piety under Qazlal
   756 | Bailey   | Entered a bailey
   757 | Bailey   | DESTROYA
   807 | Bailey   | Got a brightly glowing robe
   818 | Bailey   | Identified the +2 robe of Disaster {+Fly Str+3} (You found it in a bailey)
   840 | Bailey   | Reached skill level 1 in Invocations
  1039 | D:4      | Reached skill level 9 in Unarmed Combat
  1090 | D:4      | Got a crystal flail
  1132 | D:4      | Found a hide-covered altar of Uskayaw.
  1133 | D:4      | Found a snail-covered altar of Cheibriados.
  1152 | D:4      | Found a shadowy altar of Dithmenos.
  1161 | D:4      | Reached XP level 8. HP: 60/74 MP: 8/8
  1248 | D:5      | Found a shimmering altar of Xom.
  1289 | D:5      | Reached *** piety under Qazlal
  1452 | D:6      | Found a sparkling altar of Nemelex Xobeh.
  1486 | D:6      | Reached skill level 10 in Unarmed Combat
  1595 | D:6      | Found Goabbuem's Jewellery Shoppe.
  1602 | D:6      | Bought the amulet of Zuosch {Harm *Drain rPois} for 535 gold pieces
  1634 | D:6      | Gained mutation: Your mind is acute. (Int +2) [mutagenic meat]
  1646 | D:6      | Lost mutation: Your mind is acute. (Int +2) [mutagenic meat]
  1741 | D:7      | Reached XP level 9. HP: 45/84 MP: 10/10
  1859 | D:8      | Noticed Joseph
  1874 | D:8      | Reached **** piety under Qazlal
  1886 | D:8      | Killed Joseph
  1902 | D:8      | Learned a level 8 spell: Controlled Blink
  2075 | D:9      | Reached skill level 11 in Unarmed Combat
  2280 | D:8      | Reached XP level 10. HP: 80/94 MP: 12/12
  2370 | D:9      | Found Cukhlydaed's Assorted Antiques.
  2373 | D:9      | Bought a scroll labeled JIULIL QO XIZ for 23 gold pieces
  2373 | D:9      | Bought a pink potion for 20 gold pieces
  2373 | D:9      | Bought a scroll labeled JIULIL QO XIZ for 23 gold pieces
  2415 | D:10     | Entered Level 10 of the Dungeon
  2418 | D:10     | Reached skill level 5 in Dodging
  2458 | D:10     | Noticed crawlian's ghost (novice DEFE)
  2471 | D:10     | Killed crawlian's ghost
  2471 | D:10     | Reached skill level 5 in Fighting
  2471 | D:10     | Reached skill level 5 in Invocations
  2566 | D:10     | Reached skill level 12 in Unarmed Combat
  2625 | D:10     | Reached ***** piety under Qazlal
  2690 | D:10     | Found a staircase to the Orcish Mines.
  2725 | Orc:1    | Entered Level 1 of the Orcish Mines
  2725 | Orc:1    | Found Lellall's Magic Scroll Boutique.
  2725 | Orc:1    | Noticed an orc high priest
  2730 | Orc:1    | Noticed a sixfirhy
  2734 | D:10     | Noticed a sixfirhy
  2734 | D:10     | Killed an orc high priest
  2780 | Orc:1    | Bought a scroll of magic mapping for 52 gold pieces
  2780 | Orc:1    | Bought a scroll of identify for 30 gold pieces
  3004 | Orc:1    | Noticed an orc sorcerer
  3012 | Orc:1    | Paralysed by an orc sorcerer for 2 turns
  3020 | Orc:1    | Killed an orc sorcerer
  3020 | Orc:1    | Reached XP level 11. HP: 42/105 MP: 14/14
  3140 | Orc:2    | Entered Level 2 of the Orcish Mines
  3152 | Orc:2    | Noticed Saint Roka
  3264 | Orc:2    | Noticed an orc sorcerer
  3268 | Orc:2    | Noticed an orc high priest
  3273 | Orc:2    | Noticed a sun demon
  3277 | Orc:1    | Paralysed by an orc sorcerer for 6 turns
  3286 | Orc:1    | Killed an orc sorcerer
  3286 | Orc:1    | Reached skill level 13 in Unarmed Combat
  3464 | Orc:1    | Killed an orc high priest
  3587 | Orc:2    | Found Nuics's Antique Armour Emporium.
  3741 | Orc:2    | Noticed an orc knight
  3763 | Orc:2    | Killed an orc knight
  3764 | Orc:2    | Noticed an orc knight
  3764 | Orc:2    | Noticed an orc sorcerer
  3789 | Orc:2    | Killed an orc sorcerer
  3790 | Orc:2    | Noticed an orc sorcerer
  3792 | Orc:2    | Paralysed by an orc sorcerer for 4 turns
  3800 | Orc:2    | Killed an orc sorcerer
  3831 | Orc:2    | Killed an orc knight
  3874 | Orc:2    | Noticed an orc high priest
  3886 | Orc:2    | Noticed a sun demon
  3888 | Orc:2    | Killed an orc high priest
  3895 | Orc:2    | Noticed an orc knight
  3905 | Orc:2    | Killed an orc knight
  3934 | Orc:2    | Noticed an orc high priest
  3941 | Orc:2    | Killed an orc high priest
  3951 | Orc:2    | Noticed an orc knight
  3951 | Orc:2    | Noticed an orc sorcerer
  3969 | Orc:2    | Killed an orc sorcerer
  3978 | Orc:2    | Killed an orc knight
  3988 | Orc:2    | Noticed an orc sorcerer
  4001 | Orc:2    | Killed an orc sorcerer
  4007 | Orc:2    | Noticed an orc high priest
  4008 | Orc:2    | Killed an orc high priest
  4008 | Orc:2    | Reached XP level 12. HP: 105/118 MP: 11/16
  4012 | Orc:2    | Found Veucs's Book Shop.
  4012 | Orc:2    | Found Hero's Armour Emporium.
  4014 | Orc:2    | Found Docsywe's Antique Armour Shop.
  4014 | Orc:2    | Found Rinoblea's Jewellery Emporium.
  4027 | Orc:2    | Bought a +5 ring of intelligence for 659 gold pieces
  4030 | Orc:2    | Bought a book of Changes for 325 gold pieces
  4092 | Orc:2    | Found a staircase to the Elven Halls.
  4331 | D:10     | Reached skill level 14 in Unarmed Combat
  4462 | D:9      | Reached skill level 1 in Spellcasting
  4547 | D:9      | Found a staircase to the Lair.
  4612 | D:9      | Learned a level 5 spell: Blade Hands
  4751 | D:11     | Reached skill level 1 in Transmutations
  4788 | D:11     | Learned a level 2 spell: Repel Missiles
  4793 | D:11     | Noticed a seven-headed hydra
  4807 | D:11     | Killed a seven-headed hydra
  4850 | D:11     | Noticed a centaur warrior
  4863 | D:11     | Killed a centaur warrior
  5001 | D:11     | Learned a level 2 spell: Swiftness
  5010 | D:11     | Found a large runed door.
  5011 | D:11     | Found a large runed door.
  5024 | D:11     | Noticed an ettin
  5027 | D:11     | Killed an ettin
  5036 | D:11     | Found a shimmering altar of Xom.
  5036 | D:11     | Noticed a frost giant
  5040 | D:11     | Killed a frost giant
  5047 | D:11     | Found a shattered altar of Ashenzari.
  5075 | D:11     | Found a hide-covered altar of Uskayaw.
  5121 | D:11     | Paralysed by a kobold for 7 turns
  5228 | D:11     | Reached XP level 13. HP: 83/124 MP: 18/18
  5294 | D:12     | Found Oqezo's Assorted Antiques.
  5347 | D:11     | Reached skill level 5 in Transmutations
  5405 | D:12     | Bought a scroll labeled GIS BEOTEM for 21 gold pieces
  5405 | D:12     | Bought a potion of might for 84 gold pieces
  5512 | D:12     | Noticed Fannar
  5526 | D:12     | Killed Fannar
  5679 | D:13     | Noticed Josephine
  5686 | D:13     | Killed Josephine
  5698 | D:13     | Got a clouded turquoise ring
  5721 | D:13     | Identified the ring "Idebaurr" {rN+ MR+} (You found it on level 13 of the Dungeon)
  5854 | D:14     | Paralysed by a wizard for 6 turns
  5875 | D:14     | Reached skill level 10 in Invocations
  5908 | D:14     | Noticed Louise
  5915 | D:14     | Killed Louise
  5967 | D:14     | Identified a scroll of acquirement
  5968 | D:14     | Got a transparent brass ring
  5970 | D:14     | Identified the ring of Ylufa {rC++ Str+4 Slay+5 SInv} (You acquired it on level 14 of the Dungeon)
  5981 | D:14     | Found a gate to the Vaults.
  6012 | D:14     | Found Rioliwit's Magic Scroll Shoppe.
  6014 | D:14     | Found Votogy's Weapon Emporium.
  6020 | D:14     | Bought a scroll of magic mapping for 49 gold pieces
  6020 | D:14     | Bought a scroll of magic mapping for 49 gold pieces
  6020 | D:14     | Bought a scroll of magic mapping for 49 gold pieces
  6020 | D:14     | Bought a scroll of identify for 28 gold pieces
  6020 | D:14     | Bought a scroll of identify for 28 gold pieces
  6020 | D:14     | Bought a scroll of random uselessness for 14 gold pieces
  6045 | D:14     | Reached skill level 1 in Shields
  6072 | D:14     | Found Cesytuacha's Food Emporium.
  6178 | D:15     | Entered Level 15 of the Dungeon
  6204 | D:14     | Found Uwkuss's Antique Weapon Boutique.
  6393 | D:14     | Gained mutation: Your mind is acute. (Int +2) [mutagenic meat]
  6452 | D:14     | Found Udekleh's General Store.
  6628 | D:13     | Reached XP level 14. HP: 133/133 MP: 20/20
  6850 | D:9      | Found a sacrificial altar of Ru.
  6954 | Lair:1   | Entered Level 1 of the Lair of Beasts
  6973 | Lair:1   | Learned a level 3 spell: Regeneration
  7214 | Lair:2   | Noticed Harold
  7226 | Lair:2   | Killed Harold
  7254 | Lair:1   | Identified the +6 flail "Hydis" {crush, rC+ MR+ Int+3} (You found it on level 4 of the Dungeon)
  7540 | Lair:5   | Reached skill level 5 in Spellcasting
  8088 | Lair:6   | Entered Level 6 of the Lair of Beasts
  8365 | Lair:6   | Identified the Handbook of Lethal Malediction
  8753 | Lair:6   | Reached XP level 15. HP: 140/140 MP: 23/23
  8759 | Lair:6   | Reached skill level 10 in Transmutations
  8839 | Lair:6   | Got a crude war axe
  8840 | Lair:6   | Identified the +8 war axe of the Eel {vamp, MR+ Str+3} (You found it on level 6 of the Lair of Beasts)
  9412 | Lair:3   | Found a staircase to the Snake Pit.
  9417 | Snake:1  | Entered Level 1 of the Snake Pit
  9862 | Elf:1    | Entered Level 1 of the Elven Halls
 10187 | Elf:1    | Found a magical portal.
 10196 | WizLab   | Entered Zonguldrok's Shrine
 10483 | WizLab   | Noticed an ancient champion
 10493 | WizLab   | Killed an ancient champion
 10521 | WizLab   | Noticed an antique lich
 10526 | WizLab   | Killed an antique lich
 10566 | WizLab   | Learned a level 4 spell: Passage of Golubria
 10676 | Elf:2    | Reached XP level 16. HP: 85/149 MP: 21/26
 10804 | Elf:3    | Entered Level 3 of the Elven Halls
 10848 | Elf:3    | Noticed Aizul
 10877 | Elf:3    | Found Miyxkusk's Jewellery Shoppe.
 11143 | Elf:3    | Lost mutation: Your mind is acute. (Int +2) [mutagenic meat]
 11492 | Elf:3    | Noticed a Hell Sentinel
 11658 | Elf:3    | Noticed a deep elf blademaster
 11659 | Elf:3    | Killed a deep elf blademaster
 11661 | Elf:3    | Noticed a deep elf blademaster
 11664 | Elf:3    | Killed a deep elf blademaster
 11671 | Elf:3    | Noticed a deep elf master archer
 11674 | Elf:3    | Killed a deep elf master archer
 11709 | Elf:3    | HP: 7/150 [deep elf high priest/divine providence (12)]
 11940 | Elf:3    | Got a clouded glass ring
 11941 | Elf:3    | Identified the ring of Dopawaf {*Slow Dex+5 Stlth+} (You took it off a deep elf blademaster on level 3 of the Elven Halls)
 11980 | Elf:3    | Reached skill level 15 in Unarmed Combat
 12020 | Elf:3    | Identified A Beginning Course on Magic
 12027 | Elf:3    | Identified the Collected Works on the Blaze and the Oath
 12038 | Elf:3    | Identified the Almanac of Talismans and Envenoming
 12044 | Elf:3    | Identified the Reference Book on Enthralling Transmigration
 12059 | Elf:3    | Learned a level 7 spell: Dragon Form
 12269 | Elf:3    | Killed Aizul
 12269 | Elf:3    | Reached XP level 17. HP: 64/158 MP: 17/28
 12445 | Elf:2    | Found a runed gate.
 12445 | Elf:2    | Found a runed gate.
 12785 | D:14     | Bought a wand of heal wounds (5/9) for 972 gold pieces
 12785 | D:14     | Bought a scroll of teleportation for 54 gold pieces
 13609 | Snake:1  | Got a scorched cloak
 13620 | Snake:1  | Identified the +2 cloak of Dramatic Exits {Dex+4} (You acquired it on level 1 of the Snake Pit)
 13956 | Snake:3  | Found Bippaen's Weapon Shop.
 14022 | Snake:3  | Noticed Donald
 14028 | Snake:3  | Killed Donald
 14095 | Snake:3  | HP: 6/158 [shock serpent (19)]
 14095 | Snake:3  | HP: 2/158 [shock serpent (4)]
 14096 | Snake:3  | Killed from afar by a shock serpent

Vault maps used:
D:1:      tarquinn_simple_flora_water_b, serial_park_tiny_pond
D:2:      old_standard_altar, marbit_many_paths, first_bread
D:3:      overflow_temple_1_default
D:4:      lemuel_round_altar, amethyst_overflow_temple_binary,
          serial_bayou_pond_c, amethyst_killhole,
          nicolae_dithmenos_through_a_glass_darkly
D:5:      kennysheep_little_box, serial_shops, shop
D:6:      nemelex_xobeh_ov_fountains_minmay, serial_shops, shop_fountains,
          serial_co_window_serial, co_window_paths_a, co_window_paths_a,
          co_window_cross_1, co_window_corner_a, co_window_of_opportunity_a,
          co_window_broadway_a, co_window_unsneaky_path_e,
          co_window_unsneaky_path_e, co_window_unsneaky_path_b, glass_columns_a,
          glass_columns_a, glass_columns_c
D:7:      nicolae_overflow_hidden_temple,
          nicolae_gozag_cash_rules_everything_around_me, enter_bailey_2,
          kennysheep_generic_room_12
D:8:      uniq_joseph
D:9:      nicolae_overflow_crystal_walls, minmay_lair_entry_grove, serial_shops,
          kennysheep_mini_moat, hex_medium
D:10:     hiddenorc2_lemuel, grunt_pizzeria
D:11:     basic_altar, jmf_multi_god_temple2
D:12:     serial_shops, nicolae_shop_overgrown_old_shop, grunt_ministairs_14,
          uniq_fannar
D:13:     uniq_josephine, uniq_urug, uniq_maurice
D:14:     grunt_vaults_entry_tiered, corexii_corridor_pit, serial_shops,
          nicolae_shop_crystal, nicolae_shop_stone, shop, shop, shop_statue,
          uniq_louise
D:15:     hangedman_depths_entry_try_elsewhere_first
Temple:   eino_wide_crystal_templ
Lair:2:   uniq_harold
Lair:3:   minmay_snake_entry_guardpost_medium, grunt_megastairs_5
Lair:4:   minmay_shoals_entry_lonely_mermaid, infiniplex_staircase_pool,
          serial_bayou_shore_b
Lair:5:   slime_altar_2, grunt_megastairs_3
Lair:6:   due_jungle_book, minmay_lair_drake_nest
Snake:1:  nicolae_snake_shapes
Snake:2:  spider_trap, nicolae_snake_single_loop
Snake:3:  serial_shops, shop, basic_altar, uniq_donald
Orc:1:    serial_shops, nicolae_shop_waterfront, roderic_batcave
Orc:2:    grunt_orc_tribal_feast, serial_shops, shop, mines2_lemuel,
          uniq_saint_roka
Elf:1:    eino_elf_arrival_sip, mu_enter_wizlab_3, hangedman_elf_represent,
          st_stairs_8, spider_trap
Elf:3:    minmay_elf_hall_curves, serial_shops, shop, uniq_aizul
Bailey:   bailey_axe_1, bailey
WizLab:   wizlab_zonguldrok

Skill      XL: |  1  2  3  4  5  6  7  8  9 10 11 12 13 14 15 16 17 |
---------------+----------------------------------------------------+-----
Unarmed Combat | 4 5 6 8 9 10 11 12 13 14 15 | 15.0
Invocations    | 2 3 4 6 7 9 10 11 12 14 | 14.1
Dodging        | 3 4 5 7 8 |  8.0
Fighting       | 3 4 5 7 8 |  8.2
Spellcasting   | 3 4 6 7 8 |  8.7
Transmutations | 4 7 9 11 12 | 12.2
Shields        | 2 |  2.1
Stealth        | |  1.1

Action                   |  1- 3 |  4- 6 |  7- 9 | 10-12 | 13-15 | 16-18 || total
-------------------------+-------+-------+-------+-------+-------+-------++-------
Melee: Unarmed           |    46 |    56 |   281 |   550 |   868 |   356 ||  2157
       Punch             |     1 |       |    18 |    26 |    74 |    22 ||   141
       Flail             |       |       |       |       |       |     9 ||     9
Throw: Throwing net      |       |       |       |       |     1 |     1 ||     2
 Cast: Blade Hands       |       |       |       |       |       |    27 ||    27
       Dragon Form       |       |       |       |       |       |     1 ||     1
Invok: Upheaval          |       |       |       |    12 |    23 |     5 ||    40
       Elemental Force   |       |       |       |     5 |     7 |     2 ||    14
 Abil: Evoke Flight      |       |       |     2 |       |       |       ||     2
       Stop Flying       |       |       |     1 |       |       |       ||     1
       End Transformatio |       |       |       |       |       |     1 ||     1
Evoke: Wand              |       |       |       |     3 |     4 |     5 ||    12
  Use: Scroll            |       |     2 |     1 |     8 |    21 |    14 ||    46
       Potion            |       |       |     3 |     1 |     2 |     9 ||    15
 Stab: Sleeping          |     1 |       |       |       |       |       ||     1
       Distracted        |       |       |       |     1 |     1 |       ||     2
       Invisible         |       |       |       |     5 |       |       ||     5
       Held in net/web   |       |       |       |       |     1 |       ||     1
  Eat: Chunk             |     6 |    11 |    20 |    33 |    53 |    40 ||   163
       Pizza             |       |       |       |       |     1 |     1 ||     2
       Fruit             |       |       |       |       |       |     4 ||     4
       Beef jerky        |       |       |       |       |       |     1 ||     1
Armor: Robe              |    12 |     8 |    76 |    71 |       |       ||   167
       Troll leather arm |       |       |       |    97 |   146 |    58 ||   301
       Skin              |       |       |       |       |     7 |     1 ||     8
Dodge: Dodged            |    19 |    20 |   130 |   399 |   452 |   139 ||  1159
       Deflected         |       |       |     1 |     9 |    20 |    25 ||    55
Block: Other             |       |       |    30 |   165 |   173 |    61 ||   429
